 Dungeon Crawl Stone Soup version 0.20-a0-1086-g4bd2f5b (webtiles) character file.

80 Havoc the Magician (level 4, -3/34 HPs)
             Began as a Mummy Ice Elementalist on May 1, 2017.
             Slain by an orc
             ... wielding a +0 mace
              (9 damage)
             ... on level 2 of the Dungeon.
             The game lasted 00:06:14 (1741 turns).

Havoc the Magician (Mummy Ice Elementalist)         Turns: 1741, Time: 00:06:15

Health: -3/34      AC:  3    Str: 11    XL:     4   Next: 18%
Magic:  3/10       EV: 12    Int: 15    God:
Gold:   108        SH:  0    Dex: 12    Spells: 10/11 levels left

rFire    . . .     SeeInvis .   j - +0 morningstar
rCold    + . .     Gourm    .   (no shield)
rNeg     + + +     Faith    .   a - +1 robe
rPois    ∞         Spirit   .   (no helmet)
rElec    .         Reflect  .   (no cloak)
rCorr    .         Harm     .   (no gloves)
MR       .....                  (no boots)
Stlth    ++........             (no amulet)
Regen    0.2/turn               e - ring of protection from fire
MPRegen  0.2/turn               (no ring)

@: no status effects
A: no food or potions, fire vulnerability, cold resistance 1, negative energy
resistance 3, torment resistance, unbreathing
a: no special abilities


You were on level 2 of the Dungeon.
You were not hungry.

You visited 1 branch of the dungeon, and saw 3 of its levels.

You collected 108 gold pieces.

Inventory:

Hand Weapons
 j - a +0 morningstar (weapon)
Missiles
 f - 27 stones (quivered)
 g - 38 arrows
Armour
 a - a +1 robe (worn)
Jewellery
 e - a ring of protection from fire (left hand)
 h - an uncursed ring of teleportation
 l - a +3 ring of dexterity {unknown}
Scrolls
 c - 2 scrolls of magic mapping
 d - a scroll of remove curse
 i - a scroll of identify
 k - a scroll of fog {unknown}
Books
 b - a book of Frost

   Spells                             Type                      Level
   a - Freeze                         Ice                          1
   b - Throw Frost                    Conjuration/Ice              2
   c - Ozocubu's Armour               Charms/Ice                   3
   d - Throw Icicle                   Conjuration/Ice              4
   e - Summon Ice Beast               Ice/Summoning                4


   Skills:
 + Level 2.6 Fighting
 - Level 1.5 Dodging
 - Level 1.5 Stealth
 + Level 4.3 Spellcasting
   Level 0.7 Conjurations
 - Level 2.4 Ice Magic


You had 10 spell levels left.
You knew the following spells:

 Your Spells              Type           Power        Failure   Level  Hunger
a - Freeze                Ice            ##..         6%          1    N/A

Dungeon Overview and Level Annotations

Branches:
Dungeon (3/15)

Altars:


Innate Abilities, Weirdness & Mutations

You do not eat or drink.
Your flesh is vulnerable to fire.
You are immune to poison.
Your flesh is cold resistant. (rC+)
You are immune to negative energy. (rN+++)
You are immune to unholy pain and torment.
You can survive without breathing.


Message History

Aiming: Freeze
Press: ? - help, Shift-Dir - straight line, f/p - orc wizard
Aim: an orc wizard, wielding a dagger and wearing a robe (severely wounded)
You freeze the orc wizard.
The orc wizard is almost dead.
The orc barely misses you. The orc wizard casts a spell at you.
The puff of flame hits you!
* * * LOW HITPOINT WARNING * * *
Casting: Freeze
Confirm with . or Enter, or press ? or * to list all spells.
Aiming: Freeze
Press: ? - help, Shift-Dir - straight line, f/p - orc wizard
Aim: an orc wizard, wielding a dagger and wearing a robe (almost dead)
You freeze the orc wizard.
You kill the orc wizard!
Your Spellcasting skill increases to level 4!
You have reached level 4!
The orc hits you with a mace!
You die...

#.# #.####..# ##..###.#
#.#####.# #..#
#..>....# #.......#
##.## ##.######
..####### #..# #.# ###
#########..# #.#
#.......##.#####.######
#.......'.............#
#.......###.###########
#..........)@#
########.##o## #.##.#
#....# ####.# #.# ###


You could see an orc.

Vanquished Creatures
  An orc wizard (D:2)
  An adder (D:2)
  2 oozes
  An orc (D:3)
  3 giant cockroaches
  6 goblins
  4 hobgoblins
  2 quokkas
  A frilled lizard (D:1)
  4 kobolds
  9 rats
34 creatures vanquished.

Notes
Turn   | Place    | Note
-------+----------+-------------------------------------------
     0 | D:1      | Havoc the Mummy Ice Elementalist began the quest for the Orb.
     0 | D:1      | Reached XP level 1. HP: 13/13 MP: 4/4
   104 | D:1      | Reached skill level 3 in Spellcasting
   377 | D:1      | Reached XP level 2. HP: 18/20 MP: 3/6
   427 | D:1      | Reached skill level 1 in Fighting
  1230 | D:2      | Reached XP level 3. HP: 20/27 MP: 2/8
  1741 | D:2      | Reached skill level 4 in Spellcasting
  1741 | D:2      | Reached XP level 4. HP: 6/34 MP: 3/10
  1741 | D:2      | Slain by an orc

Vault maps used:
D:1:      dpeg_arrival_connections, minmay_liquid_box
D:3:      okawaru_trees_1, nemelex_lonely_heart_becter

Skill      XL: |  1  2  3 |
---------------+----------+-----
Spellcasting   | 3 4 |  4.3
Fighting       | 1 2 |  2.6
Dodging        | |  1.5
Stealth        | |  1.5
Conjurations   | |  0.7
Ice Magic      | |  2.4

Action                   |  1- 3 |  4- 6 || total
-------------------------+-------+-------++-------
Melee: Short sword       |    41 |       ||    41
       Morningstar       |    24 |       ||    24
 Cast: Freeze            |    32 |     1 ||    33
  Use: Scroll            |     5 |       ||     5
 Stab: Sleeping          |     4 |       ||     4
Armor: Robe              |    12 |       ||    12
Dodge: Dodged            |    63 |       ||    63
